[Event "Moscow Open RSSU Cup 2019"]
[Site "Moscow"]
[Date "2019.02.03"]
[Round "9"]
[White "Lysyj, Igor"]
[Black "Savchenko, Boris"]
[Result "1/2-1/2"]
[ECO "D85"]
[WhiteElo "2633"]
[BlackElo "2562"]
[Annotator "ChessBase"]
[PlyCount "27"]
[EventDate "2019.01.26"]
[EventType "swiss"]
[EventCountry "RUS"]
[SourceTitle "playchess.com"]
[Source "ChessBase"]
[SourceQuality "1"]
[TimeControl "40/5400+30:1800+30"]

1. d4 Nf6 2. c4 g6 3. Nc3 d5 4. cxd5 Nxd5 5. e4 Nxc3 6. bxc3 Bg7 7. Be3 c5 8. Nf3 Qa5 9. Nd2 O-O 10. Nb3 Qxc3+ 11. Bd2 Qb2 12. Bc1 Qc3+ 13. Bd2 Qb2 14. Bc1 1/2-1/2

[Event "Moscow Open RSSU Cup 2019"]
[Site "Moscow"]
[Date "2019.02.03"]
[Round "9"]
[White "Ponkratov, Pavel"]
[Black "Fakhrutdinov, Timur"]
[Result "1-0"]
[ECO "A18"]
[WhiteElo "2630"]
[BlackElo "2481"]
[Annotator "ChessBase"]
[PlyCount "73"]
[EventDate "2019.01.26"]
[EventType "swiss"]
[EventCountry "RUS"]
[SourceTitle "playchess.com"]
[Source "ChessBase"]
[SourceQuality "1"]
[TimeControl "40/5400+30:1800+30"]

1. c4 Nf6 2. Nc3 e6 3. e4 d5 4. cxd5 exd5 5. e5 Ne4 6. Nf3 Bf5 7. d3 Nxc3 8. bxc3 c5 9. d4 Nc6 10. Bd3 Qd7 11. O-O Bxd3 12. Qxd3 c4 13. Qc2 Be7 14. Ng5 Qg4 15. f3 Qh5 16. Nh3 Qg6 17. Qb2 Nd8 18. f4 Qf5 19. Qb5+ Qd7 20. Qb1 f5 21. exf6 Bxf6 22. Ba3 Nc6 23. Re1+ Kd8 24. f5 Re8 25. Qb5 Ne7 26. Rab1 Nxf5 27. Rxe8+ Kxe8 28. Nf4 Rd8 29. Nxd5 Bg5 30. Nc7+ Kf7 31. Qxc4+ Kg6 32. Ne6 Qc8 33. Qb3 Be3+ 34. Kh1 Re8 35. d5 h5 36. Rf1 Qb8 37. Qb1 1-0

[Event "Moscow Open RSSU Cup 2019"]
[Site "Moscow"]
[Date "2019.02.02"]
[Round "9"]
[White "Kryakvin, Dmitry"]
[Black "Shukh, Nikolai"]
[Result "1-0"]
[ECO "A25"]
[WhiteElo "2588"]
[BlackElo "2459"]
[Annotator "RC"]
[PlyCount "81"]
[EventDate "2019.01.26"]
[EventType "swiss"]
[EventCountry "RUS"]
[SourceTitle "playchess.com"]
[Source "ChessBase"]
[SourceQuality "1"]
[TimeControl "40/5400+30:1800+30"]

1. g3 e5 2. Bg2 Nc6 3. c4 g6 4. Nc3 Bg7 5. Rb1 f5 6. d3 Nf6 7. e3 d6 8. Nge2 Be6 9. Nd5 Qd7 10. Qa4 O-O 11. Nec3 Qf7 12. O-O Nd8 13. Bd2 c6 14. Nb6 axb6 15. Qxa8 e4 16. Qa3 exd3 17. b3 d5 18. cxd5 Nxd5 19. Nxd5 Bxd5 20. Qd6 Ne6 21. Bxd5 cxd5 22. Qxd5 Rd8 23. Qb5 g5 24. f3 f4 25. Rbd1 Qc7 26. gxf4 gxf4 27. Kh1 Qc6 28. Qxc6 bxc6 29. exf4 c5 30. f5 Nc7 31. Rfe1 Bf6 32. Re3 Nb5 33. a4 Nd4 34. Rxd3 Rd5 35. Bf4 Bd8 36. Re1 Kf7 37. Re5 Rd7 38. Be3 Bf6 39. Re6 Rb7 40. Bxd4 Bxd4 41. f4 1-0

[Event "Moscow Open RSSU Cup 2019"]
[Site "Moscow"]
[Date "2019.02.03"]
[Round "9"]
[White "Pridorozhni, Aleksei"]
[Black "Urazayev, Arystanbek"]
[Result "1-0"]
[ECO "C07"]
[WhiteElo "2568"]
[BlackElo "2450"]
[Annotator "ChessBase"]
[PlyCount "121"]
[EventDate "2019.01.26"]
[EventType "swiss"]
[EventCountry "RUS"]
[SourceTitle "playchess.com"]
[Source "ChessBase"]
[SourceQuality "1"]
[TimeControl "40/5400+30:1800+30"]

1. e4 e6 2. d4 d5 3. Nd2 c5 4. Ngf3 Nc6 5. c3 Nf6 6. Bd3 cxd4 7. cxd4 dxe4 8. Nxe4 Be7 9. O-O O-O 10. Be3 Nb4 11. Nxf6+ Bxf6 12. Be4 Nd5 13. Qd3 g6 14. Bh6 Bg7 15. Bxg7 Kxg7 16. Ne5 b6 17. Qg3 Ba6 18. Rfe1 Rc8 19. Qa3 Bb5 20. Qb3 Bc6 21. g3 Bb7 22. h4 Qe7 23. Qf3 Rfd8 24. h5 Rc7 25. Rac1 Rdc8 26. Rxc7 Rxc7 27. Bxd5 Bxd5 28. Qe3 gxh5 29. Nd3 Qf6 30. Nf4 Qf5 31. a3 Bb7 32. Kh2 Rc2 33. b4 Kf8 34. a4 h4 35. gxh4 Qg4 36. a5 Qxh4+ 37. Nh3 Bd5 38. axb6 axb6 39. b5 Ke8 40. Rg1 Rb2 41. Rg8+ Kd7 42. Qc3 Rxf2+ 43. Kg1 Rg2+ 44. Rxg2 Bxg2 45. Kxg2 Qg4+ 46. Kf2 Qh4+ 47. Kf1 Qe4 48. Qc4 Kd6 49. Nf2 Qa8 50. Ke2 h5 51. Ke3 f5 52. Nd3 Qe4+ 53. Kd2 Qg2+ 54. Kc3 Qh1 55. Qb4+ Kd7 56. Qa3 Ke8 57. Qa7 h4 58. Qxb6 Ke7 59. Qc7+ Kf6 60. b6 h3 61. b7 1-0

[Event "Moscow Open RSSU Cup 2019"]
[Site "Moscow"]
[Date "2019.02.03"]
[Round "9"]
[White "Iljiushenok, Ilia"]
[Black "Hayrapetyan, Hovik"]
[Result "0-1"]
[ECO "B23"]
[WhiteElo "2533"]
[BlackElo "2434"]
[Annotator "RC"]
[PlyCount "110"]
[EventDate "2019.01.26"]
[EventType "swiss"]
[EventCountry "RUS"]
[SourceTitle "playchess.com"]
[Source "ChessBase"]
[SourceQuality "1"]
[TimeControl "40/5400+30:1800+30"]

1. e4 c5 2. Nc3 d6 3. d4 cxd4 4. Qxd4 Nc6 5. Qd2 a6 6. b3 Nf6 7. Bb2 b5 8. a3 e6 9. g3 Bb7 10. Bg2 Be7 11. Nge2 O-O 12. O-O Rc8 13. Rad1 Qb6 14. h3 Rfd8 15. g4 a5 16. Ng3 a4 17. g5 Ne8 18. Nge2 Ba6 19. b4 Ne5 20. Qf4 f6 21. h4 g6 22. Qg3 Ng7 23. Kh1 f5 24. f4 Nc4 25. Bc1 fxe4 26. Nxe4 Nf5 27. Qg4 Kf7 28. Rd3 Nce3 29. Bxe3 Nxe3 30. Rxe3 Qxe3 31. N2g3 Rc4 32. f5 exf5 33. Nxf5 gxf5 34. Qxf5+ Ke8 35. g6 hxg6 36. Qe6 Rxe4 37. Bxe4 Bb7 38. Qxg6+ Kd7 39. Bxb7 Rh8 40. h5 Qh3+ 41. Kg1 Rxh5 42. Bg2 Qh2+ 43. Kf2 Qh4+ 44. Kg1 Qd4+ 45. Rf2 Rg5 46. Qf7 Qa1+ 47. Rf1 Qxa3 48. Re1 Re5 49. Rxe5 Qa1+ 50. Bf1 Qxe5 51. c4 a3 52. Qf3 a2 53. Qb7+ Ke6 54. Bh3+ Kf6 55. Qf3+ Kg7 0-1

[Event "Moscow Open RSSU Cup 2019"]
[Site "Moscow"]
[Date "2019.02.02"]
[Round "9"]
[White "Afanasiev, Nikita"]
[Black "Pridorozhni, Aleksei"]
[Result "1/2-1/2"]
[ECO "C67"]
[WhiteElo "2508"]
[BlackElo "2568"]
[Annotator "ChessBase"]
[PlyCount "80"]
[EventDate "2019.01.26"]
[EventType "swiss"]
[EventCountry "RUS"]
[SourceTitle "playchess.com"]
[Source "ChessBase"]
[SourceQuality "1"]
[TimeControl "40/5400+30:1800+30"]

1. e4 e5 2. Nf3 Nc6 3. Bb5 Nf6 4. O-O Nxe4 5. Re1 Nd6 6. Nxe5 Nxe5 7. Rxe5+ Be7 8. Bf1 O-O 9. d4 Bf6 10. Re1 Re8 11. Rxe8+ Nxe8 12. c3 d5 13. Bf4 g6 14. Bd3 Ng7 15. Nd2 Bf5 16. Bxf5 Nxf5 17. Nf3 c6 18. Be5 Nh4 19. Bxf6 Qxf6 20. Nxh4 Qxh4 21. Qe2 Qf6 22. Re1 Kf8 23. Qd2 Kg7 24. g3 Rd8 25. Kg2 Rd6 26. h4 h5 27. Re3 Re6 28. Qe2 Rxe3 29. Qxe3 Kf8 30. Kf1 Qe7 31. Ke2 Qxe3+ 32. Kxe3 Ke7 33. b4 b5 34. a3 a6 35. Kf4 f6 36. Ke3 Ke6 37. Kf4 Kf7 38. Kf3 Ke7 39. Ke3 Kf7 40. Kf3 Ke6 {[%emt 0:00:00] Ke4 Ke5+} 1/2-1/2

[Event "Moscow Open RSSU Cup 2019"]
[Site "Moscow"]
[Date "2019.02.03"]
[Round "9"]
[White "Drygalov, Andrey"]
[Black "Kardashevskiy, Evgeny"]
[Result "1/2-1/2"]
[ECO "C24"]
[WhiteElo "2485"]
[BlackElo "2382"]
[Annotator "ChessBase"]
[PlyCount "45"]
[EventDate "2019.01.26"]
[EventType "swiss"]
[EventCountry "RUS"]
[SourceTitle "playchess.com"]
[Source "ChessBase"]
[SourceQuality "1"]
[TimeControl "40/5400+30:1800+30"]

1. e4 e5 2. Bc4 Nf6 3. d3 c6 4. Nf3 d5 5. Bb3 Bb4+ 6. c3 Bd6 7. O-O dxe4 8. Ng5 O-O 9. Nxe4 Nxe4 10. dxe4 Na6 11. Nd2 Nc5 12. Bc2 Be6 13. Re1 Be7 14. Qe2 b5 15. Nf1 Qc7 16. Ne3 Rfd8 17. Nf5 Bf8 18. Qf3 Rd7 19. Qg3 Kh8 20. Qf3 Kg8 21. Qg3 Kh8 22. Qf3 Kg8 23. Qg3 1/2-1/2

[Event "Moscow Open RSSU Cup 2019"]
[Site "Moscow"]
[Date "2019.02.03"]
[Round "9"]
[White "Lugovskoy, Maxim"]
[Black "Tutisani, Noe"]
[Result "0-1"]
[ECO "D78"]
[WhiteElo "2445"]
[BlackElo "2468"]
[Annotator "RC"]
[PlyCount "130"]
[EventDate "2019.01.26"]
[EventType "swiss"]
[EventCountry "RUS"]
[SourceTitle "playchess.com"]
[Source "ChessBase"]
[SourceQuality "1"]
[TimeControl "40/5400+30:1800+30"]

1. d4 Nf6 2. g3 g6 3. Bg2 d5 4. Nf3 Bg7 5. O-O O-O 6. c4 c6 7. Qb3 Qb6 8. Nc3 Be6 9. c5 Qa6 10. Bf4 b6 11. cxb6 axb6 12. Ne5 Nh5 13. Rfc1 Rd8 14. a4 h6 15. Qa3 Qb7 16. b4 Nxf4 17. gxf4 Nd7 18. b5 Nxe5 19. fxe5 cxb5 20. Nxb5 Rdc8 21. Qb3 Qd7 22. Nc3 Rc4 23. Qxb6 Rac8 24. a5 Bh3 25. f3 h5 26. a6 Bh6 27. a7 Be3+ 28. Kh1 Bxd4 29. e6 Bxe6 30. Qb8 Bxa7 31. Qxa7 Qxa7 32. Rxa7 Rxc3 33. Rxc3 Rxc3 34. Kg1 Kf8 35. Kf2 d4 36. f4 Rc2 37. Be4 Rc8 38. Bd3 Rd8 39. Kf3 Bg4+ 40. Kg3 Rd7 41. Ra6 Kg7 42. Rb6 e6 43. h3 Bf5 44. Bxf5 gxf5 45. Rb3 Rc7 46. Kh4 Rc3 47. Rb2 Kf6 48. Rd2 e5 49. fxe5+ Kxe5 50. Ra2 Kf4 51. Ra7 Re3 52. Rd7 Ke4 53. Re7+ Kd5 54. Rd7+ Kc4 55. Rxf7 Rxe2 56. Kxh5 d3 57. Kg5 Re5 58. Kf4 Rd5 59. Rc7+ Kb3 60. Rb7+ Kc2 61. Rc7+ Kd1 62. h4 d2 63. Ke3 Ke1 64. Rg7 f4+ 65. Ke4 Rd8 0-1